 Dungeon Sprint DCSS version 0.31-a0-841-g038b102fc3 (webtiles) character file.

Game seed: 4003217395361984317

46 sircluck the Ruffian (level 3, -3/58 HPs)
             Began as a Troll Berserker on Sept 27, 2023.
             Was a Believer of Trog.
             Slain by a gnoll sergeant
             ... wielding a +0 spear
              (10 damage)
             ... in the Dungeon (Sprint VII: "The Pits").
             The game lasted 00:00:19 (26 turns).

sircluck the Ruffian (Troll Berserker)                Turns: 26, Time: 00:00:19

Health: -3/58      AC:  4    Str: 27    XL:     3   Next: 44%
Magic:  2/2        EV: 10    Int:  3    God:    Trog [**....]
Gold:   0          SH:  0    Dex:  9    Spells: 2/2 levels left

rFire   . .          .
                       - Unarmed
rCold   . . .        (no shield)
rNeg    . . .        a - +0 animal skin
rPois   .            (helmet restricted)
rElec   .            (no cloak)
rCorr   .            (gloves unavailable)
SInv    .            (boots unavailable)
Will    .....        (no amulet) Stlth
                     (no ring)
HPRegen 1.09/turn    (no ring)
MPRegen 0.08/turn

%: no teleportation
@: berserking (expiring), spiked, very quick
A: large, unfitting armour, claws 3, regeneration 1, shaggy fur 1, tough skin 1
a: Renounce Religion, Berserk, Trog's Hand


You were in the Dungeon.
You worshipped Trog.
Trog was pleased with you.
You visited 1 branch

Inventory:

Armour
 a - a +0 animal skin (worn)
Scrolls
 g - a scroll of blinking
Potions
 b - a potion of curing
 c - a potion of heal wounds
 d - a potion of haste
 e - 2 potions of magic
 f - a potion of berserk rage


   Skills:
 + Level 4.1 Fighting
 + Level 4.0 Dodging
 + Level 4.9 Unarmed Combat


You had 2 spell levels left.
You didn't know any spells.
Your spell library was empty.

Dungeon Overview and Level Annotations

Branches:
Dungeon (1/1)

Altars:


Innate Abilities, Weirdness & Mutations

You are too large for most types of armour.
You have claws for hands.
Your natural rate of healing is unusually fast.
You are covered in fur. (AC +1)
You have tough skin. (AC +1)


Message History

You scratch the red devil but do no damage.
The red devil closely misses you.
You claw the red devil!
The red devil is heavily wounded.
Jessica closely misses you.
The gnoll sergeant hits you from afar with a +0 spear!
* * * LOW HITPOINT WARNING * * *
The gnoll barely misses you. The red devil closely misses you.
You mangle Jessica!!
You kill Jessica!
Trog accepts your kill.
You can now call upon Trog for regeneration and willpower.
Trog appreciates your killing of a magic user.
Your Fighting skill increases to level 4!
Your Dodging skill increases to level 4!
You have reached level 3!
Your experience leads to an increase in your attributes!
Increase (S)trength, (I)ntelligence, or (D)exterity?
You feel stronger. x3
Unknown command.
Unknown command.
Unknown command.
Unknown command.
You scratch the gnoll.
The gnoll is moderately wounded.
The gnoll hits you with a +0 club!
* * * LOW HITPOINT WARNING * * *
The red devil completely misses you. The gnoll sergeant misses you.
Unknown command.
Unknown command.
You claw the gnoll!
The gnoll is almost dead.
Unknown command.
Unknown command.
Unknown command.
You claw the gnoll!
You kill the gnoll!
Trog accepts your kill.
The gnoll sergeant hits you from afar with a +0 spear!
You die...

##########++######
#................#
#......#..#......#
#................+
+................+
#......#..#......#
#................#
####'#####@)######
#.......##g4#
#.......##g...
#.......##...##
#...<...##..##
#.......##..#
#.......##..+
#.......##.##
#########


You could see a red devil, a gnoll sergeant and a gnoll.

Vanquished Creatures
  Jessica (D)
  3 gnolls (D)
4 creatures vanquished.

Notes
Turn   | Place    | Note
-------+----------+-------------------------------------------
     0 | D        | sircluck the Troll Berserker began the quest for the Orb.
     0 | D        | Reached XP level 1. HP: 22/22 MP: 0/0
    11 | D        | Noticed Jessica
    11 | D        | Noticed a red devil
    13 | D        | Noticed a gnoll sergeant
    16 | D        | Reached XP level 2. HP: 31/31 MP: 1/1
    23 | D        | Killed Jessica
    23 | D        | Reached ** piety under Trog
    24 | D        | Reached XP level 3. HP: 12/39 MP: 2/2
    26 | D        | Slain by a gnoll sergeant

Illustrated notes

Levels and vault maps discovered:
D:        pitsprint [storerooms_1, entrance_room_1, metal_vault_7, armoury_3,
          mini_pit_1, grid_room_1, main_hall_1, silver_pit, the_coven_2,
          the_vestibule_1, steel_vault_3, golden_pit, hallway_of_sentries,
          crystal_vault_5, iron_vault_2, final_vault]

Skill      XL: |  1  2 |
---------------+-------+-----
Fighting       | 3 4 |  4.1
Dodging        | 3 4 |  4.0
Unarmed Combat | 4 |  4.9

Action                     || total
---------------------------++-------
  Melee: Unarmed           ||    10
         Punch             ||     1
 Invoke: Berserk           ||     1
 Armour: Animal skin       ||     7
  Dodge: Dodged            ||     7

Table legend: (Time is in decaauts)
 A = Elapsed time spent in this place.
 B = Non-inter-level travel time spent in this place.
 C = Inter-level travel time spent in this place.
 D = Time resting spent in this place.
 E = Time spent auto-exploring this place.
 F = Levels seen in this place.
 G = Mean time per level.
                   A        B        C        D        E       F      G
               +--------+--------+--------+--------+--------+-----+--------+
         Total |     21 |     21 |      0 |      0 |     11 |   1 |   21.0 |
       Dungeon |     21 |     21 |      0 |      0 |     11 |   1 |   21.0 |
               +--------+--------+--------+--------+--------+-----+--------+

Top non-repeatable levels by time:
       D: 21 daAuts
